 Dungeon Crawl Stone Soup version 0.24.1-14-gf8d2b509d9 (webtiles) character file.

Game seed: 5757389714433405764, levelgen mode: deterministic

624 mortelune the Changer (level 7, -1/85 HPs)
             Began as a Naga Transmuter on May 23, 2020.
             Slain by a vampire (3 damage)
             ... on level 6 of the Dungeon.
             The game lasted 00:14:13 (8069 turns).

mortelune the Changer (Naga Transmuter)             Turns: 8069, Time: 00:14:14

Health: -1/85      AC: 23    Str: 17    XL:     7   Next: 47%
Magic:  6/13       EV:  1    Int: 22    God:
Gold:   222        SH:  0    Dex: 12    Spells: 4/14 levels left

rFire    . . .     SeeInvis +   w - +9 sword of Zonguldrok {reap}
rCold    . . .     Gourm    .   (no shield)
rNeg     + + +     Faith    .   (armour currently unavailable)
rPois    +         Spirit   .   (helmet currently unavailable)
rElec    .         Reflect  .   (cloak currently unavailable)
rCorr    .         Harm     .   (gloves currently unavailable)
MR       .....     NoTele   +   (no barding)
Stlth    +.........             (no amulet)
HPRegen  0.24/turn              (no ring)
MPRegen  0.13/turn              (no ring)

@: mighty, brilliant, tree-form
A: large, see invisible, clever 1, slow metabolism 1, spit poison 1, AC +2
a: Spit Poison


You were on level 6 of the Dungeon.
You were not hungry.
You were a tree.
You visited 1 branch of the dungeon, and saw 6 of its levels.

You collected 222 gold pieces.

Inventory:

Hand Weapons
 a - a +4 hunting sling
 w - the +9 sword of Zonguldrok (weapon) {reap}
   (You took it off an orc on level 5 of the Dungeon)

   If a monster killed with it leaves a corpse in good enough shape, the corpse
   will be animated as a zombie friendly to the killer.
Missiles
 k - 85 arrows
 Q - 108 stones (quivered)
Armour
 b - a +0 robe
 e - a +0 buckler
 f - a +2 robe of resistance (melded)
Jewellery
 m - an uncursed ring of fire {unknown}
 s - an uncursed ring of poison resistance {unknown}
Wands
 u - a wand of iceblast (6)
 v - a wand of random effects (21)
Scrolls
 g - a scroll of enchant armour
 i - 2 scrolls of identify
 l - a scroll of random uselessness {unknown}
 r - a scroll of amnesia
 t - a scroll of teleportation {unknown}
Potions
 c - a potion of heal wounds {unknown}
 h - 3 potions of flight
 j - a potion of brilliance
 n - a potion of cancellation {unknown}
 o - a potion of degeneration {unknown}
 p - 2 potions of might
Comestibles
 d - 9 rations


   Skills:
 * Level 1.5 Fighting
 * Level 1.0 Long Blades
 - Level 1.5 Dodging
 - Level 3.0 Unarmed Combat
 - Level 4.3 Spellcasting
 - Level 6.5 Transmutations


You had 4 spell levels left.
You knew the following spells:

 Your Spells              Type           Power        Failure   Level  Hunger
a - Beastly Appendage     Tmut           #####.       1%          1    None
b - Sticks to Snakes      Tmut           #####...     1%          2    #......
c - Spider Form           Tmut/Pois      ####......   1%          3    ##.....
d - Ice Form              Ice/Tmut       ####....     3%          4    ####...

Your spell library contained the following spells:

 Spells                   Type           Power        Failure   Level  Hunger
 Blade Hands              Tmut           #####.....   2%          5    ######.


Dungeon Overview and Level Annotations

Branches:
Dungeon (6/15)
 Temple: D:4-7

Altars:
Cheibriados
Dithmenos
Hepliaklqana
Nemelex Xobeh
Okawaru
Qazlal
Ru
Sif Muna
Trog

Shops:
D:5 [

Annotations:
D:2 1 runed translucent door, Crazy Yiuf


Innate Abilities, Weirdness & Mutations

You cannot wear boots.
((Your serpentine skin is tough. (AC +2)))
You have supernaturally acute eyesight. (SInv)
((Armour fits poorly on your strangely shaped body.))
((Your system is resistant to poisons. (rPois)))
((You cover ground very slowly.))
You have a slow metabolism.
You can spit poison.
((You are partially covered in yellow scales. (AC +2)))
Your mind is acute. (Int +2)
((Your movements are slightly less encumbered by armour. (ER -2)))


Message History

Your +2 robe of resistance melds into your body.
You feel hot and cold all over.
Your roots penetrate the ground.
The vampire hits you but does no damage.
The vampire bites you but does no damage.
You hit the vampire.
The vampire is lightly damaged.
The vampire hits you but does no damage.
The vampire bites you but does no damage.
You slash the vampire!
The vampire is heavily damaged.
The vampire completely misses you.
The vampire bites you but does no damage.
The vampire hits you but does no damage.
The vampire bites you.
* * * LOW HITPOINT WARNING * * *
You hit the vampire.
The vampire is heavily damaged.
The vampire hits you but does no damage.
The vampire bites you.
You die...

#. #. #.
####.######
#.....<...#
#.........#
#$........#
#....SS...###
#...S♣S......
#...SVS...##.
#.........# .
#.........#
#.........#
###########


You could see a vampire (invisible), 3 friendly adders and 3 friendly ball
pythons.

Vanquished Creatures
  A sky beast (D:5)
  A phantom (D:5)
  Blork the orc (D:5)
  An orc priest (D:5)
  2 orc wizards
  A hound (D:4)
  Jessica (D:2)
  A killer bee zombie (D:5)
  3 gnolls (D:2)
  4 adders
  An adder skeleton (D:5)
  5 worms
  3 dart slugs
  4 leopard geckos
  10 orcs
  3 ball pythons
  6 giant cockroaches
  7 hobgoblins
  4 jackals (D:4)
  3 quokkas
  7 bats
  4 frilled lizards
  6 goblins
  5 kobolds
  9 rats
93 creatures vanquished.

Vanquished Creatures (collateral kills)
  2 worker ants (D:5)
  A leopard gecko (D:3)
  A hobgoblin (D:3)
4 creatures vanquished.

Grand Total: 97 creatures vanquished

Notes
Turn   | Place    | Note
-------+----------+-------------------------------------------
     0 | D:1      | mortelune the Naga Transmuter began the quest for the Orb.
     0 | D:1      | Reached XP level 1. HP: 18/18 MP: 3/3
   300 | D:1      | Reached XP level 2. HP: 20/25 MP: 3/5
   304 | D:1      | Learned a level 2 spell: Sticks to Snakes
  1577 | D:3      | Found a sparkling altar of Nemelex Xobeh.
  1627 | D:3      | Reached skill level 3 in Transmutations
  1634 | D:3      | Reached XP level 3. HP: 4/31 MP: 3/6
  1636 | D:3      | HP: 1/31 [leopard gecko (3)]
  1774 | D:3      | Learned a level 3 spell: Spider Form
  1850 | D:2      | Noticed Jessica
  1939 | D:2      | Found a shimmering blue altar of Sif Muna.
  1945 | D:2      | Killed Jessica
  2132 | D:2      | Found a snail-covered altar of Cheibriados.
  2132 | D:2      | Found a sacrificial altar of Ru.
  2277 | D:2      | Reached XP level 4. HP: 24/38 MP: 5/8
  3113 | D:2      | Reached skill level 4 in Transmutations
  3887 | D:2      | Found a runed translucent door.
  3888 | D:2      | Noticed Crazy Yiuf
  4286 | D:2      | Reached XP level 5. HP: 30/44 MP: 1/9
  4841 | D:3      | Found a bloodstained altar of Trog.
  4978 | D:3      | Found a shadowy altar of Dithmenos.
  5677 | D:3      | Learned a level 4 spell: Ice Form
  6479 | D:4      | Reached skill level 5 in Transmutations
  6479 | D:4      | Reached XP level 6. HP: 51/51 MP: 11/11
  6705 | D:5      | Entered Level 5 of the Dungeon
  6719 | D:5      | Found an iron altar of Okawaru.
  6834 | D:5      | Noticed a sky beast
  6845 | D:5      | Killed a sky beast
  7052 | D:5      | Found a stormy altar of Qazlal.
  7089 | D:5      | Noticed a phantom
  7124 | D:5      | Killed a phantom
  7124 | D:5      | Reached skill level 6 in Transmutations
  7124 | D:5      | Reached XP level 7. HP: 18/57 MP: 7/13
  7394 | D:5      | Found a hazy altar of Hepliaklqana.
  7395 | D:5      | Noticed Blork the orc
  7623 | D:5      | Killed Blork the orc
  7831 | D:5      | Found a sacrificial altar of Ru.
  7901 | D:5      | Found Yplou's Armour Emporium.
  7998 | D:5      | Reached skill level 1 in Long Blades
  8054 | D:6      | Noticed a vampire
  8064 | D:6      | HP: 1/57 [vampire (5)]
  8065 | D:6      | Gained mutation: Your mind is acute. (Int +2) [potion of
                  | mutation]
  8065 | D:6      | Gained mutation: You are partially covered in yellow
                  | scales. (AC +2) [potion of mutation]
  8065 | D:6      | Gained mutation: Your movements are slightly less
                  | encumbered by armour. (ER -2) [potion of mutation]
  8069 | D:6      | Slain by a vampire

Levels and vault maps discovered:
D:1:      psy_arrival_basics, layout_basic
D:2:      layout_basic, grunt_temple_overflow_open, serial_corexii_hall,
          chequers_hall_statues_y, corexii_hall_statues_t, grunt_ministairs_8,
          corner_web_ring, serial_bayou_pond_e, uniq_crazy_yiuf_cottage,
          uniq_jessica
D:3:      layout_loops_ring, lemuel_round_altar,
          nicolae_dithmenos_shadow_blocks, nemelex_spade_bored_becter
D:4:      layout_basic, first_ration
D:5:      layout_gridville, kennysheep_mini_moat, overflow_temple_1_default,
          grunt_qazlal_clouds, serial_shops, shop_fountains,
          nicolae_ru_great_annihilating_truth, uniq_blork_the_orc
D:6:      layout_rooms, uniq_grinder, uniq_sigmund

Skill      XL: |  1  2  3  4  5  6  7 |
---------------+----------------------+-----
Transmutations | 3 4 5 6 |  6.5
Spellcasting   | 3 4 |  4.3
Long Blades    | 1 |  1.0
Fighting       | |  1.5
Dodging        | |  1.5
Unarmed Combat | |  3.0

Action                   |  1- 3 |  4- 6 |  7- 9 || total
-------------------------+-------+-------+-------++-------
Melee: Unarmed           |   103 |   187 |     9 ||   299
       Headbutt          |    11 |     9 |       ||    20
       Punch             |     2 |     1 |       ||     3
       Double sword      |       |       |    23 ||    23
 Fire: Hunting sling     |       |    67 |    10 ||    77
 Cast: Beastly Appendage |    20 |    15 |       ||    35
       Sticks to Snakes  |     4 |     8 |     5 ||    17
       Spider Form       |     1 |    12 |     3 ||    16
 Abil: Spit Poison       |       |     1 |       ||     1
  Use: Potion            |     2 |       |     4 ||     6
       Scroll            |       |     9 |       ||     9
 Stab: Distracted        |     1 |       |     1 ||     2
       Sleeping          |       |     1 |       ||     1
       Paralysed         |       |       |     1 ||     1
  Eat: Chunk             |     4 |    15 |       ||    19
       Ration            |       |       |     1 ||     1
Armor: Robe              |    25 |    63 |    12 ||   100
       Skin              |       |     1 |     7 ||     8
Dodge: Dodged            |    72 |   159 |    25 ||   256
       Rpst.: Double sword |       |       |     4 ||     4
